PAA
OLYMPIA OGRES @ VIRGINIA PALLADIUM SOX
08/24/2041
 
TOP OF THE 1ST
Olympia Ogres batting - Pitching for Virginia Palladium Sox : RHP Arlen Chesnutt
Pitching: RHP Arlen Chesnutt
Batting: LHB Jeffery Smith 0-0: Called Strike
0-1: Swinging Strike
0-2: Ball
1-2: Foul Ball, location: 2F
1-2: Foul Ball, location: 2F
1-2: Ground out 6-3 (Groundball, 6S, EV 88.8 MPH)
Batting: LHB Jorge Mejía 0-0: Ball
1-0: Ball
2-0: Called Strike
2-1: Ball
3-1: Bunt for hit to 2R - play at first, batter OUT! 2-3
Batting: RHB John Yossarian 0-0: Ball
1-0: Called Strike
1-1: Ball
2-1: Foul Ball, location: 2F
2-2: Foul Ball, location: 2F
2-2: Foul Ball, location: 2F
2-2: Foul Ball, location: 2F
2-2: Ball
3-2: Strikes out swinging
Top of the 1st over - 0 runs, 0 hits, 0 errors, 0 left on base; Olympia 0 - Virginia 0
BOTTOM OF THE 1ST
Virginia Palladium Sox batting - Pitching for Olympia Ogres : RHP Al Poe
Pitching: RHP Al Poe
Batting: LHB Jeff Griffin 0-0: Ground out 6-3 (Groundball, 6, EV 106.2 MPH)
Batting: LHB Steve Washington 0-0: Ball
1-0: Fly out, F6 (Popup, P, EV 88.1 MPH)
Batting: RHB John Wilkerson 0-0: Ball
1-0: Foul Ball, location: 2F
1-1: Foul Ball, location: 2F
1-2: Ball
2-2: Ball
3-2: Fly out, F8 (Flyball, 8LS, EV 85.6 MPH)
Bottom of the 1st over - 0 runs, 0 hits, 0 errors, 0 left on base; Olympia 0 - Virginia 0
TOP OF THE 2ND
Olympia Ogres batting - Pitching for Virginia Palladium Sox : RHP Arlen Chesnutt
Batting: LHB Sariyah Fateen 0-0: Foul Ball, location: 2F
0-1: Ball
1-1: Ground out 2-3 (Groundball, 15S, EV 73.8 MPH)
Batting: RHB Pepe Savinon 0-0: Foul Ball, location: 2F
0-1: Foul Ball, location: 2F
0-2: Ball
1-2: Strikes out looking
Batting: SHB Nathan Brannon 0-0: Foul Ball, location: 2F
0-1: Swinging Strike
0-2: Strikes out swinging
Top of the 2nd over - 0 runs, 0 hits, 0 errors, 0 left on base; Olympia 0 - Virginia 0
BOTTOM OF THE 2ND
Virginia Palladium Sox batting - Pitching for Olympia Ogres : RHP Al Poe
Batting: SHB Manuel Ortíz 0-0: Ball
1-0: Ball
2-0: Ball
3-0: Base on Balls
Batting: RHB Juan Amengual 0-0: Foul Ball, location: 2F
0-1: Ball
1-1: Swinging Strike
1-2: Foul Ball, location: 2F
1-2: Foul Ball, location: 2F
1-2: Ball
2-2: Foul Ball, location: 2F
2-2: Fly out, F8 (Flyball, 8RXD, EV 93.1 MPH)
Batting: RHB Jesús Amengual 0-0: Ball
1-0: Ball
2-0: Ball
3-0: Base on Balls
Manuel Ortíz to second
Batting: RHB D'Artagnan Rasberry 0-0: Grounds into double play, 6-4-3 (Groundball, 6, EV 102.5 MPH)
Bottom of the 2nd over - 0 runs, 0 hits, 0 errors, 1 left on base; Olympia 0 - Virginia 0
TOP OF THE 3RD
Olympia Ogres batting - Pitching for Virginia Palladium Sox : RHP Arlen Chesnutt
Batting: RHB Claudio Vargas 0-0: Ball
1-0: Called Strike
1-1: Ball
2-1: Ground out 5-3 (Groundball, 56S, EV 65.0 MPH)
Batting: RHB Paul Stark 0-0: Called Strike
0-1: Swinging Strike
0-2: Ball
1-2: Strikes out swinging
Batting: RHB Xi-ku An 0-0: Ball
1-0: Ball
2-0: Foul Ball, location: 2F
2-1: Swinging Strike
2-2: Ground out 5-3 (Groundball, 56S, EV 85.0 MPH)
Top of the 3rd over - 0 runs, 0 hits, 0 errors, 0 left on base; Olympia 0 - Virginia 0
BOTTOM OF THE 3RD
Virginia Palladium Sox batting - Pitching for Olympia Ogres : RHP Al Poe
Batting: RHB Pedro Trevino 0-0: Ball
1-0: Ground out 1-3 (Groundball, P, EV 82.5 MPH)
Batting: LHB Xie-li Shiu 0-0: Swinging Strike
0-1: Ball
1-1: Ball
2-1: Bunt for hit to 2L - play at first, batter safe!
Batting: LHB Jeff Griffin 0-0: Called Strike
Xie-li Shiu steals 2nd base
0-1: Ground out U3 (Groundball, 34S, EV 73.1 MPH)
Xie-li Shiu to third
Batting: LHB Steve Washington 0-0: SINGLE (Line Drive, 78S, EV 106.2 MPH)
Xie-li Shiu scores
Batting: RHB John Wilkerson 0-0: Ball
1-0: Ball
Wild Pitch!
Steve Washington to second
2-0: Called Strike
2-1: Swinging Strike
2-2: Strikes out looking
Bottom of the 3rd over - 1 run, 2 hits, 0 errors, 1 left on base; Olympia 0 - Virginia 1
TOP OF THE 4TH
Olympia Ogres batting - Pitching for Virginia Palladium Sox : RHP Arlen Chesnutt
Batting: LHB Jeffery Smith 0-0: Ball
1-0: Foul Ball, location: 2F
1-1: Ball
2-1: Swinging Strike
2-2: Foul Ball, location: 2F
2-2: Foul Ball, location: 2F
2-2: Strikes out swinging
Batting: LHB Jorge Mejía 0-0: Ball
1-0: SINGLE (Groundball, 4MD, EV 105.6 MPH)
Batting: RHB John Yossarian 0-0: Grounds into double play, 5-4-3 (Groundball, 56S, EV 88.1 MPH)
Top of the 4th over - 0 runs, 1 hit, 0 errors, 0 left on base; Olympia 0 - Virginia 1
BOTTOM OF THE 4TH
Virginia Palladium Sox batting - Pitching for Olympia Ogres : RHP Al Poe
Batting: SHB Manuel Ortíz 0-0: Ball
1-0: Called Strike
1-1: Ball
2-1: Ball
3-1: Foul Ball, location: 2F
3-2: Foul Ball, location: 2F
3-2: Foul Ball, location: 2F
3-2: Fly out, F4 (Popup, 4S, EV 80.6 MPH)
Batting: RHB Juan Amengual 0-0: Called Strike
0-1: Ground out 6-3 (Groundball, 6, EV 78.8 MPH)
Batting: RHB Jesús Amengual 0-0: Foul Ball, location: 2F
0-1: Called Strike
0-2: Strikes out swinging, 2-3 out at first.
Bottom of the 4th over - 0 runs, 0 hits, 0 errors, 0 left on base; Olympia 0 - Virginia 1
TOP OF THE 5TH
Olympia Ogres batting - Pitching for Virginia Palladium Sox : RHP Arlen Chesnutt
Batting: LHB Sariyah Fateen 0-0: Ball
1-0: Ball
2-0: Called Strike
2-1: Ground out 5-3 (Groundball, 56, EV 103.1 MPH)
Batting: RHB Pepe Savinon 0-0: Called Strike
0-1: Foul Ball, location: 2F
0-2: Strikes out swinging
Batting: SHB Nathan Brannon 0-0: Called Strike
0-1: Ball
1-1: Fly out, F4 (Line Drive, 4, EV 70.0 MPH)
Top of the 5th over - 0 runs, 0 hits, 0 errors, 0 left on base; Olympia 0 - Virginia 1
BOTTOM OF THE 5TH
Virginia Palladium Sox batting - Pitching for Olympia Ogres : RHP Al Poe
Batting: RHB D'Artagnan Rasberry 0-0: Ball
1-0: Foul Ball, location: 2F
1-1: Ball
2-1: Foul Ball, location: 2F
2-2: Fly out, F8 (Flyball, 8RS, EV 90.6 MPH)
Batting: RHB Pedro Trevino 0-0: Swinging Strike
0-1: Called Strike
0-2: Foul Ball, location: 2F
0-2: Fly out, F9 (Flyball, 9D, EV 98.1 MPH)
Batting: LHB Xie-li Shiu 0-0: Ball
1-0: Ball
2-0: Called Strike
2-1: Ball
3-1: Base on Balls
Batting: LHB Jeff Griffin 0-0: Ball
1-0: Ball
Xie-li Shiu is caught stealing 2nd base 2-6
Bottom of the 5th over - 0 runs, 0 hits, 0 errors, 0 left on base; Olympia 0 - Virginia 1
TOP OF THE 6TH
Olympia Ogres batting - Pitching for Virginia Palladium Sox : RHP Arlen Chesnutt
Batting: RHB Claudio Vargas 0-0: Ball
1-0: Ground out 5-3 (Groundball, 5S, EV 75.0 MPH)
Batting: RHB Paul Stark 0-0: Swinging Strike
0-1: Ball
1-1: SINGLE (Line Drive, 9S, EV 106.2 MPH)
Batting: RHB Xi-ku An 0-0: Called Strike
0-1: Ball
1-1: Ball
2-1: Ball
3-1: Swinging Strike
3-2: Fly out, F7 (Flyball, 7S, EV 80.0 MPH)
Batting: LHB Jeffery Smith 0-0: Called Strike
0-1: Swinging Strike
0-2: Strikes out looking
Top of the 6th over - 0 runs, 1 hit, 0 errors, 1 left on base; Olympia 0 - Virginia 1
BOTTOM OF THE 6TH
Virginia Palladium Sox batting - Pitching for Olympia Ogres : RHP Al Poe
Batting: LHB Jeff Griffin 0-0: Ball
1-0: Called Strike
1-1: Ball
2-1: Ground out U3 (Groundball, 3S, EV 88.8 MPH)
Batting: LHB Steve Washington 0-0: Called Strike
0-1: Ball
1-1: Foul Ball, location: 2F
1-2: Ball
2-2: Ground out U3 (Groundball, 3, EV 106.9 MPH)
Batting: RHB John Wilkerson 0-0: Called Strike
0-1: Foul Ball, location: 2F
0-2: Ball
1-2: DOUBLE (Flyball, 89XD, EV 100.0 MPH)
Batting: SHB Manuel Ortíz 0-0: Foul Ball, location: 2F
0-1: Ball
1-1: Ball
2-1: Ball
3-1: Base on Balls
Batting: RHB Juan Amengual 0-0: Called Strike
0-1: Foul Ball, location: 2F
0-2: Fielders Choice at 2nd, 5-4 (Groundball, 56, EV 85.6 MPH)
Bottom of the 6th over - 0 runs, 1 hit, 0 errors, 2 left on base; Olympia 0 - Virginia 1
TOP OF THE 7TH
Olympia Ogres batting - Pitching for Virginia Palladium Sox : RHP Arlen Chesnutt
Batting: LHB Jorge Mejía 0-0: SINGLE (Groundball, 4MD, EV 103.8 MPH)
Batting: RHB John Yossarian 0-0: Ball
1-0: Foul Ball, location: 2F
1-1: Ball
2-1: Fielders Choice at 2nd, 6-4 (Groundball, 6, EV 108.8 MPH)
Batting: LHB Sariyah Fateen 0-0: Called Strike
0-1: Ball
1-1: Foul Ball, location: 2F
1-2: SINGLE (Groundball, 3, EV 93.1 MPH) (infield hit)
John Yossarian to second
Batting: RHB Pepe Savinon 0-0: Ball
1-0: Swinging Strike
1-1: Ball
2-1: Called Strike
2-2: Ball
3-2: Base on Balls
John Yossarian to third
Sariyah Fateen to second
Batting: SHB Nathan Brannon 0-0: Called Strike
0-1: Grounds into double play, 6-2-3 (Groundball, 56, EV 98.1 MPH)
Top of the 7th over - 0 runs, 2 hits, 0 errors, 2 left on base; Olympia 0 - Virginia 1
BOTTOM OF THE 7TH
Virginia Palladium Sox batting - Pitching for Olympia Ogres : RHP Al Poe
Batting: RHB Jesús Amengual 0-0: Foul Ball, location: 2F
0-1: Fly out, F8 (Flyball, 8LM, EV 83.8 MPH)
Batting: RHB D'Artagnan Rasberry 0-0: Called Strike
0-1: Ball
1-1: Called Strike
1-2: Fly out, F7 (Line Drive, 7, EV 98.1 MPH)
Batting: RHB Pedro Trevino 0-0: Called Strike
0-1: Called Strike
0-2: Ball
1-2: Strikes out swinging
Bottom of the 7th over - 0 runs, 0 hits, 0 errors, 0 left on base; Olympia 0 - Virginia 1
TOP OF THE 8TH
Olympia Ogres batting - Pitching for Virginia Palladium Sox : RHP Arlen Chesnutt
Now at 1B: Xavier Petit
Batting: RHB Claudio Vargas 0-0: Ball
1-0: SINGLE (Flyball, 89M, EV 86.9 MPH) - OUT at second base trying to stretch hit.
Batting: RHB Paul Stark 0-0: Called Strike
0-1: Called Strike
0-2: Ball
1-2: Strikes out swinging
Batting: RHB Xi-ku An 0-0: Ball
1-0: Called Strike
1-1: SOLO HOME RUN (Line Drive, 7D, EV 100.6 MPH), Distance : 379 ft
Batting: LHB Jeffery Smith 0-0: Ball
1-0: Ball
2-0: Swinging Strike
2-1: Swinging Strike
2-2: Foul Ball, location: 2F
2-2: Strikes out swinging
Top of the 8th over - 1 run, 2 hits, 0 errors, 0 left on base; Olympia 1 - Virginia 1
BOTTOM OF THE 8TH
Virginia Palladium Sox batting - Pitching for Olympia Ogres : RHP Al Poe
Pitching: LHP Ron Meredith
Batting: LHB Xie-li Shiu 0-0: Foul Ball, location: 2F
0-1: Ball
1-1: Swinging Strike
1-2: Strikes out looking
Batting: LHB Jeff Griffin 0-0: Ball
1-0: Swinging Strike
1-1: Called Strike
1-2: Foul Ball, location: 2F
1-2: SINGLE (Groundball, 4D, EV 108.8 MPH)
Batting: LHB Xavier Petit 0-0: Ball
Wild Pitch!
Jeff Griffin to second
1-0: Ball
2-0: Called Strike
2-1: Ball
3-1: Foul Ball, location: 2F
3-2: Fly out, F4 (Popup, 4, EV 59.4 MPH)
Batting: RHB John Wilkerson 0-0: Swinging Strike
0-1: Ground out 1-3 (Groundball, P, EV 90.6 MPH)
Bottom of the 8th over - 0 runs, 1 hit, 0 errors, 1 left on base; Olympia 1 - Virginia 1
TOP OF THE 9TH
Olympia Ogres batting - Pitching for Virginia Palladium Sox : RHP Arlen Chesnutt
Batting: LHB Jorge Mejía 0-0: Ball
1-0: Ground out U3 (Groundball, 3, EV 80.0 MPH)
Batting: RHB John Yossarian 0-0: Called Strike
0-1: Called Strike
0-2: Foul Ball, location: 2F
0-2: Ball
1-2: Ground out 6-3 (Groundball, 6M, EV 84.4 MPH)
Pitching: RHP Jim Harris
Batting: LHB Sariyah Fateen 0-0: Ball
1-0: Swinging Strike
1-1: Ball
2-1: Ground out 4-3 (Groundball, 4, EV 83.1 MPH)
Top of the 9th over - 0 runs, 0 hits, 0 errors, 0 left on base; Olympia 1 - Virginia 1
BOTTOM OF THE 9TH
Virginia Palladium Sox batting - Pitching for Olympia Ogres : LHP Ron Meredith
Batting: SHB Manuel Ortíz 0-0: Ball
1-0: SINGLE (Groundball, 6MD, EV 98.8 MPH)
Batting: RHB Juan Amengual 0-0: Ball
1-0: Ball
2-0: Called Strike
2-1: Called Strike
2-2: Foul Ball, location: 2F
2-2: Strikes out swinging
Batting: RHB Jesús Amengual 0-0: Fly out, F5 (Popup, 5S, EV 86.9 MPH)
Batting: RHB D'Artagnan Rasberry 0-0: Ball
1-0: Swinging Strike
1-1: Fly out, F8 (Flyball, 89S, EV 75.0 MPH)
Bottom of the 9th over - 0 runs, 1 hit, 0 errors, 1 left on base; Olympia 1 - Virginia 1
TOP OF THE 10TH
Olympia Ogres batting - Pitching for Virginia Palladium Sox : RHP Jim Harris
Batting: RHB Pepe Savinon 0-0: Ball
1-0: Swinging Strike
1-1: Ball
2-1: Foul Ball, location: 2F
2-2: Foul Ball, location: 2F
2-2: Strikes out looking
Batting: SHB Nathan Brannon 0-0: Called Strike
0-1: Ball
1-1: Called Strike
1-2: Ground out 4-3 (Groundball, 34, EV 108.8 MPH)
Batting: RHB Claudio Vargas 0-0: Foul Ball, location: 2F
0-1: Ground out 6-3 (Groundball, 6, EV 79.4 MPH)
Top of the 10th over - 0 runs, 0 hits, 0 errors, 0 left on base; Olympia 1 - Virginia 1
BOTTOM OF THE 10TH
Virginia Palladium Sox batting - Pitching for Olympia Ogres : LHP Ron Meredith
Pitching: RHP Ze-min Li
Batting: RHB Pedro Trevino 0-0: Called Strike
0-1: Foul Ball, location: 2F
0-2: Ball
1-2: Strikes out swinging
Batting: LHB Xie-li Shiu 0-0: Swinging Strike
0-1: Ball
1-1: Ball
2-1: SINGLE (Groundball, 34D, EV 101.9 MPH)
Batting: LHB Jeff Griffin 0-0: Called Strike
0-1: Ground out 5-3 (Groundball, 56S, EV 84.4 MPH)
Xie-li Shiu to second
Batting: LHB Xavier Petit 0-0: Called Strike
0-1: Ball
1-1: Ball
Wild Pitch!
Xie-li Shiu to third
2-1: Foul Ball, location: 2F
2-2: Ball
3-2: Foul Ball, location: 2F
3-2: Base on Balls
Batting: RHB John Wilkerson 0-0: Ball
1-0: Swinging Strike
1-1: Called Strike
1-2: Ground out U3 (Groundball, 34, EV 93.1 MPH)
Bottom of the 10th over - 0 runs, 1 hit, 0 errors, 2 left on base; Olympia 1 - Virginia 1
TOP OF THE 11TH
Olympia Ogres batting - Pitching for Virginia Palladium Sox : RHP Jim Harris
Batting: RHB Paul Stark 0-0: Called Strike
0-1: Foul Ball, location: 2F
0-2: Foul Ball, location: 2F
0-2: Foul Ball, location: 2F
0-2: Fly out, F8 (Flyball, 89XD, EV 95.6 MPH)
Batting: RHB Xi-ku An 0-0: Foul Ball, location: 2F
0-1: Foul Ball, location: 2F
0-2: Ball
1-2: SINGLE (Groundball, 6MD, EV 95.6 MPH)
Batting: LHB Jeffery Smith 0-0: Ball
1-0: Ball
2-0: Called Strike
2-1: Swinging Strike
2-2: Fielders Choice at 2nd, 6-4 (Groundball, 6M, EV 97.5 MPH)
Batting: LHB Jorge Mejía 0-0: Ball
1-0: Ball
2-0: Foul Ball, location: 2F
2-1: Reached on error, E5 (Groundball, 56, EV 80.0 MPH)
Jeffery Smith to second
Batting: RHB John Yossarian 0-0: Ball
1-0: Fly out, F8 (Flyball, 8RXD, EV 103.8 MPH)
Top of the 11th over - 0 runs, 1 hit, 1 error, 2 left on base; Olympia 1 - Virginia 1
BOTTOM OF THE 11TH
Virginia Palladium Sox batting - Pitching for Olympia Ogres : RHP Ze-min Li
Batting: SHB Manuel Ortíz 0-0: Ball
1-0: Called Strike
1-1: Fly out, F7 (Flyball, 7S, EV 76.2 MPH)
Batting: RHB Juan Amengual 0-0: Ball
1-0: Ball
2-0: Foul Ball, location: 2F
2-1: Swinging Strike
2-2: Foul Ball, location: 2F
2-2: Ball
3-2: Base on Balls
Batting: RHB Jesús Amengual 0-0: Ball
1-0: Swinging Strike
1-1: Foul Ball, location: 2F
1-2: Foul Ball, location: 2F
1-2: Foul Ball, location: 2F
1-2: Fly out, F5 (Line Drive, 5, EV 62.5 MPH)
Batting: RHB D'Artagnan Rasberry 0-0: Ball
1-0: Called Strike
1-1: Fielders Choice at 2nd, 5-4 (Groundball, 56, EV 85.0 MPH)
Bottom of the 11th over - 0 runs, 0 hits, 0 errors, 1 left on base; Olympia 1 - Virginia 1
TOP OF THE 12TH
Olympia Ogres batting - Pitching for Virginia Palladium Sox : RHP Jim Harris
Pitching: RHP Daryl Dwyer
Batting: LHB Sariyah Fateen 0-0: Ball
1-0: Ball
2-0: SINGLE (Groundball, 6MD, EV 107.5 MPH)
Batting: RHB Pepe Savinon 0-0: Called Strike
0-1: Foul Ball, location: 2F
0-2: Ball
Wild Pitch!
Sariyah Fateen to second
1-2: Ground out 4-3 (Groundball, 4S, EV 86.2 MPH)
Sariyah Fateen to third
Batting: SHB Nathan Brannon 0-0: Called Strike
0-1: SINGLE (Groundball, 3D, EV 102.5 MPH)
Sariyah Fateen scores
Batting: RHB Claudio Vargas 0-0: Fly out, F9 (Flyball, 9LDF, EV 99.4 MPH)
Batting: RHB Paul Stark 0-0: Fly out, F8 (Flyball, 89D, EV 78.1 MPH)
Top of the 12th over - 1 run, 2 hits, 0 errors, 1 left on base; Olympia 2 - Virginia 1
BOTTOM OF THE 12TH
Virginia Palladium Sox batting - Pitching for Olympia Ogres : RHP Ze-min Li
Pitching: LHP Esteban Vásquez
Now in LF: Albert McBride
Batting: RHB Pedro Trevino 0-0: Swinging Strike
0-1: Foul Ball, location: 2F
0-2: Foul Ball, location: 2F
0-2: Ground out 5-3 (Groundball, 5L, EV 103.8 MPH)
Batting: LHB Xie-li Shiu 0-0: Ground out 6-3 (Groundball, 6, EV 87.5 MPH)
Batting: LHB Jeff Griffin 0-0: Ball
1-0: Ball
2-0: Swinging Strike
2-1: Ball
3-1: Called Strike
3-2: Base on Balls
Batting: LHB Xavier Petit 0-0: Ball
1-0: Called Strike
1-1: Ball
2-1: Foul Ball, location: 2F
2-2: Foul Ball, location: 2F
2-2: Ball
3-2: Strikes out swinging
Bottom of the 12th over - 0 runs, 0 hits, 0 errors, 1 left on base; Olympia 2 - Virginia 1
Tuesday, January 5th, 2021 - OOTP Baseball 20.8 Build 74